Map: Dusk Towers

Players

llllllllllll

  • Race: Zerg Zerg
  • League: Master

Pokebunny - Winner!

  • Race: Terran Terran
  • League: Grandmaster

VOD

Have the link to the VOD?

Description

Time

  • Played on: April 7, 2016, 7:35 p.m.
  • Length: 4:56
Show
View Real Time Build Order
Export as new Build Order

llllllllllll Zerg 

Build Orders: Hatch First, Roach Nydus 

Get SALT Encoding   

  12  0:01  Drone  
  13  0:13  Overlord  
  13  0:18  Drone  
  14  0:31  Drone x2  
  14  0:35  Drone  
  17  0:55  Hatchery  
  16  0:59  Drone  
  17  1:13  Spawning Pool  
  17  1:15  Drone  
  17  1:18  Extractor  
  16  1:21  Drone  
  17  1:26  Drone  
  17  1:29  Drone  
  19  1:40  Drone  
  20  2:00  Queen  
  22  2:07  Queen  
  25  2:08  Zergling x4  
  25  2:09  Drone  
  27  2:17  Drone  
  28  2:24  Overlord  
  28  2:28  Extractor  
  27  2:30  Drone  
  28  2:38  Lair  
  28  2:44  Drone x3  
  28  2:45  Queen  
  31  3:04  Drone x2  
  31  3:05  Drone, Roach Warren  
  34  3:07  Overlord  
  33  3:21  Queen  
  33  3:23  Overlord  
  35  3:33  Overlord  
  35  3:41  Queen  
  35  3:45  Nydus Network  
  36  3:49  Overseer  
  36  3:51  Roach  
  38  3:59  Roach x2  
  38  4:00  Roach  
  44  4:07  Roach  
  44  4:08  Roach  
  48  4:13  Roach  
  48  4:16  Roach  
  52  4:24  Zergling x2  
  52  4:26  Nydus Canal  
  52  4:28  Roach  
  55  4:34  Roach  
  55  4:36  Overlord  
Show
View Real Time Build Order
Export as new Build Order

Pokebunny Terran - Winner!

Build Orders: Reaper Expand 

Get SALT Encoding   

  12  0:00  SCV  
  13  0:13  SCV  
  14  0:17  Supply Depot  
  14  0:25  SCV  
  15  0:38  SCV  
  15  0:41  Barracks  
  16  0:44  Refinery  
  16  0:50  SCV  
  17  1:03  SCV  
  18  1:15  SCV  
  19  1:29  Orbital Command, Reaper  
  20  1:42  Command Center  
  20  1:55  Supply Depot, SCV  
  21  2:02  Bunker  
  21  2:04  Barracks Reactor  
  21  2:07  SCV  
  22  2:19  SCV  
  22  2:22  Barracks  
  23  2:24  Barracks  
  23  2:35  SCV  
  24  2:37  Refinery  
  24  2:41  Marine  
  24  2:42  Marine  
  26  2:50  SCV  
  27  2:52  Factory  
  27  2:57  Orbital Command  
  27  3:01  Orbital Command  
  27  3:02  SCV  
  27  3:05  Marine x2  
  29  3:09  Barracks Tech Lab  
  29  3:12  Marine  
  31  3:17  SCV  
  32  3:26  Marine x2  
  34  3:28  SCV  
  34  3:29  SCV  
  34  3:30  Marine  
  34  3:33  Marine  
  38  3:41  Starport  
  38  3:42  Factory Reactor  
  38  3:45  SCV  
  38  3:46  SCV  
  40  3:49  Marine  
  40  3:50  Marine  
  40  3:55  Marine  
  42  3:56  Marine  
  42  3:59  Supply Depot  
  44  4:03  Supply Depot  
  44  4:07  Marine x2  
  46  4:20  Marine x2  
  46  4:21  Engineering Bay, SCV x2  
  46  4:23  Factory Tech Lab  
  50  4:25  Medivac  
  50  4:26  Medivac  
  54  4:33  Marine, SCV x2  
  54  4:34  Marine  
Tags
 
Add a new tag
Caveats
  • Supply blocks, unpowered buildings, or Contaminate may cause inaccurate times.
  • Supply counts are checked every 10 seconds.